 Dungeon Crawl Stone Soup version 0.21.1-1-g345015f (webtiles) character file.

1624 Mirai the Cleaver (level 8, -2/117 HPs)
             Began as a Hill Orc Fighter on Mar 9, 2018.
             Was an Initiate of Makhleb.
             Slain by an orc warrior
             ... wielding a +0 halberd
              (13 damage)
             ... on level 6 of the Dungeon.
             The game lasted 00:11:57 (4735 turns).

Mirai the Cleaver (Hill Orc Fighter)                Turns: 4735, Time: 00:11:57

Health: -2/117     AC: 24    Str: 21    XL:     8   Next: 97%
Magic:  8/8        EV:  2    Int: 13    God:    Makhleb [......]
Gold:   414        SH: 11    Dex: 10    Spells: 7/7 levels left

rFire    + . .     SeeInvis .   a - +1 war axe
rCold    + . .     Gourm    .   c - +1 shield
rNeg     + + +     Faith    .   (armour currently unavailable)
rPois    +         Spirit   .   (helmet currently unavailable)
rElec    +         Reflect  .   (cloak currently unavailable)
rCorr    +         Harm     .   (gloves currently unavailable)
MR       .....     NoTele   +   (boots currently unavailable)
Stlth    +.........             (no amulet)
HPRegen  0.29/turn              d - ring of flight
MPRegen  0.11/turn              (no ring)

@: brilliant, tree-form, resistant, very slightly contaminated, invisible
A: robust 1, screaming 1
a: Renounce Religion


You were on level 6 of the Dungeon.
You worshipped Makhleb.
Makhleb was noncommittal.
You were not hungry.
You were a tree.
You visited 2 branches of the dungeon, and saw 7 of its levels.

You collected 414 gold pieces.

Inventory:

Hand Weapons
 a - a +1 war axe (weapon)
Armour
 b - a +0 scale mail (melded)
 c - a +1 shield (worn)
 u - a +0 helmet (melded)
 v - a +0 pair of boots (melded)
 x - a +0 plate armour
 B - a +2 cloak (melded)
Jewellery
 d - a ring of flight (left branch)
Scrolls
 e - 2 scrolls of identify
 h - a scroll of fear
 i - 5 scrolls of remove curse
 q - a scroll of magic mapping
 w - a scroll of random uselessness
 y - 3 scrolls of teleportation
Potions
 j - 4 potions of brilliance
 o - a potion of flight
 s - a potion of lignification
Comestibles
 f - 14 rations


   Skills:
 + Level 6.3 Fighting
 + Level 9.3 Axes
 + Level 6.1 Armour
 + Level 2.3 Dodging
 + Level 0.9 Stealth
 + Level 5.9 Shields


You had 7 spell levels left.
You didn't know any spells.

Dungeon Overview and Level Annotations

Branches:
Dungeon (6/15)             Temple (1/1) D:6

Altars:
Ashenzari
Cheibriados
Dithmenos
Elyvilon
Fedhas
Gozag
Hepliaklqana
Kikubaaqudgha
Makhleb
Nemelex Xobeh
Ru
Sif Muna
Trog
Uskayaw
Vehumet
Xom
Yredelemnul
Zin
The Shining One

Annotations:
D:3 exclusion: oklob plant


Innate Abilities, Weirdness & Mutations

((You have sharp toenails.))
You are robust. (+10% HP)
You occasionally shout uncontrollably at your foes.


Message History

It was a scroll of fear.
It was a potion of resistance.
You feel protected.
The orc warrior hits you but does no damage.
Okay, then.
As you read the scroll labeled PAENU DOKISUO, it crumbles to dust.
You feel aware of your surroundings.
It was a scroll of magic mapping.
The orc warrior hits you but does no damage.
As you read the scroll labeled TAGESCH XOOBU, it crumbles to dust.
It is a scroll of enchant weapon.
Your +0 war axe glows red for a moment.
You block the orc warrior's attack.
As you read the scroll labeled FUSERPH QEDGHETI, it crumbles to dust.
It is a scroll of enchant armour.
Your +0 shield glows green for a moment.
The orc warrior seems to regain its courage.
You block the orc warrior's attack.
As you read the scroll labeled AMEILL ROYKHAW, it crumbles to dust.
The dust glows dark azure!
It was a scroll of random uselessness.
The orc warrior hits you from afar with a halberd!
You die...

≈### ###### ##### §≈§##
##....## ###..)#
≈≈§.###......####.')..#
********
.....##.......#..##...#
*,,,,,,,
.....##.#....#.########
**,**,,,, ##...##..#######
*,,,..**, ####.....#
**,*#..,, ##....# ### ###
######,*#.#*. #....# #.# #♣#
#....#.##.##. #.#.## #.###)#
#..#.#,....., #.#.# #.##.o#
#....#**#..#* #.#.# #.##.##
#.#### #..## #.#.## #.##.#
#.#######o.)) #....###.##.#
#..........##
#.........#.#####.....##.#.#
##...##...........##..##.#.#
#..###...............##.#[#*


You could see an orc warrior.

Vanquished Creatures
  Edmund (D:5)
  A sky beast (D:5)
  An ogre (D:6)
  4 centaurs
  3 bullfrogs
  A wyvern skeleton (D:3)
  A water moccasin skeleton (D:5)
  2 crimson imps (D:5)
  A gnoll shaman (D:6)
  2 hounds
  Crazy Yiuf (D:6)
  2 iguanas
  5 orc wizards
  3 worker ants
  A hound skeleton (D:4)
  8 gnolls
  6 adders
  An ooze (D:3)
  4 worms
  A dart slug (D:2)
  8 leopard geckos
  22 orcs
  6 giant cockroaches
  8 hobgoblins
  3 jackals (D:5)
  5 kobolds
  3 quokkas
  8 bats
  5 frilled lizards
  4 goblins
  A jackal zombie (D:5)
  A quokka skeleton (D:4)
  A quokka zombie (D:6)
  13 rats
137 creatures vanquished.

Vanquished Creatures (others)
  15 toadstools (D:3)
15 creatures vanquished.

Grand Total: 152 creatures vanquished

Notes
Turn   | Place    | Note
-------+----------+-------------------------------------------
     0 | D:1      | Mirai the Hill Orc Fighter began the quest for the Orb.
     0 | D:1      | Reached XP level 1. HP: 19/19 MP: 1/1
    39 | D:1      | Reached skill level 3 in Axes
    52 | D:1      | Reached XP level 2. HP: 21/27 MP: 2/2
   502 | D:1      | Reached XP level 3. HP: 33/33 MP: 3/3
   918 | D:2      | Reached skill level 4 in Axes
   993 | D:2      | Reached XP level 4. HP: 24/40 MP: 4/4
  1174 | D:2      | Found a radiant altar of Vehumet.
  1436 | D:3      | Noticed a bullfrog
  1444 | D:3      | Reached skill level 5 in Axes
  1444 | D:3      | Reached XP level 5. HP: 20/46 MP: 5/5
  1454 | D:2      | Reached skill level 1 in Dodging
  1454 | D:2      | Reached XP level 6. HP: 12/52 MP: 6/6
  1786 | D:3      | Found a shimmering altar of Xom.
  1794 | D:3      | Reached skill level 6 in Axes
  2168 | D:3      | Found a blossoming altar of Fedhas.
  2190 | D:3      | Noticed an oklob plant
  2805 | D:4      | Reached XP level 7. HP: 39/60 MP: 7/7
  2998 | D:4      | Found a deep blue altar of Sif Muna.
  2998 | D:4      | Found a shattered altar of Ashenzari.
  2999 | D:4      | Found a glowing golden altar of the Shining One.
  3209 | D:5      | Entered Level 5 of the Dungeon
  3251 | D:5      | Reached skill level 5 in Shields
  3272 | D:5      | Reached skill level 7 in Axes
  3408 | D:5      | Found a glowing silver altar of Zin.
  3489 | D:5      | Reached skill level 5 in Fighting
  3489 | D:5      | Reached skill level 5 in Armour
  3528 | D:5      | Noticed Edmund
  3540 | D:5      | Killed Edmund
  3540 | D:5      | Reached skill level 8 in Axes
  3540 | D:5      | Reached XP level 8. HP: 57/68 MP: 8/8
  3591 | D:5      | Found a sparkling altar of Nemelex Xobeh.
  3874 | D:5      | Found a hide-covered altar of Uskayaw.
  4381 | D:6      | Reached skill level 9 in Axes
  4459 | D:6      | Found a staircase to the Ecumenical Temple.
  4465 | Temple   | Entered the Ecumenical Temple
  4549 | Temple   | Became a worshipper of Makhleb the Destroyer
  4585 | D:6      | Found a runed door.
  4589 | D:6      | Noticed Crazy Yiuf
  4595 | D:6      | Killed Crazy Yiuf
  4677 | D:6      | HP: 3/71 [orc warrior/halberd (22)]
  4712 | D:6      | Gained mutation: You occasionally shout uncontrollably at your foes. [potion of mutation]
  4712 | D:6      | Gained mutation: You have sharp toenails. [potion of mutation]
  4712 | D:6      | Gained mutation: You are robust. (+10% HP) [potion of mutation]
  4720 | D:6      | HP: 4/117 [orc warrior/halberd (4)]
  4735 | D:6      | Slain by an orc warrior

Skill      XL: |  1  2  3  4  5  6  7  8 |
---------------+-------------------------+-----
Axes           | 3 4 5 6 8 9 |  9.3
Fighting       | 4 5 6 |  6.3
Shields        | 4 5 |  5.9
Armour         | 4 5 6 |  6.1
Dodging        | 1 2 |  2.3
Stealth        | |  0.9

Action                   |  1- 3 |  4- 6 |  7- 9 || total
-------------------------+-------+-------+-------++-------
Melee: War axe           |   125 |   135 |   235 ||   495
  Use: Potion            |       |     1 |    11 ||    12
       Scroll            |       |       |     9 ||     9
  Eat: Chunk             |     1 |     5 |     7 ||    13
Armor: Scale mail        |    49 |    80 |    80 ||   209
       Skin              |       |       |     8 ||     8
Dodge: Dodged            |    30 |    64 |    78 ||   172
Block: Shield            |    80 |    99 |   113 ||   292
